 Dungeon Crawl Stone Soup version 0.18.1-1-g2f07953 (webtiles) character file.

2208 Strategiusz the Slicer (level 9, -12/51 HPs)
             Began as a Kobold Berserker on May 7, 2016.
             Was a Priest of Trog.
             Killed by divine providence
             ... invoked by an orc priest
              (14 damage)
             ... on level 8 of the Dungeon.
             The game lasted 01:56:35 (9765 turns).

Strategiusz the Slicer (Kobold Berserker)           Turns: 9765, Time: 01:56:36

Health: -12/51     AC:  7    Str: 18    XL:     9   Next: 60%
Magic:  9/9        EV: 19    Int:  5    God:    Trog [***...]
Gold:   319        SH:  0    Dex: 16    Spells: 0 memorised, 8 levels left

rFire  . . .     SeeInvis .     h - +4 rapier (speed)
rCold  . . .     Gourm    .     E - +1 leather armour {MR+}
rNeg   + . .     Faith    .     (shield restricted)
rPois  .         Spirit   .     (no helmet)
rElec  .         Dismiss  .     q - +0 cloak
rCorr  .         Reflect  .     a - +0 pair of gloves
SustAt .         Harm     .     I - +0 pair of boots
MR     +....                    (no amulet)
Stlth  +.........               (no ring)
                                v - ring of positive energy

@: somewhat resistant to hostile enchantments, very unstealthy
A: carnivore 3
a: Berserk, Trog's Hand, Burn Spellbooks, Renounce Religion


You were on level 8 of the Dungeon.
You worshipped Trog.
Trog was most pleased with you.
You were very full.

You visited 2 branches of the dungeon, and saw 9 of its levels.

You collected 319 gold pieces.

Inventory:

Hand Weapons
 h - a +4 rapier of speed (weapon)
 j - a +1 flail of protection
 l - a +0 arbalest
 o - a +0 hunting sling
 t - a +1 war axe of electrocution
Missiles
 u - 30 sling bullets
 y - 14 bolts
 F - 3 tomahawks (quivered)
 G - 16 poisoned needles
Armour
 a - a +0 pair of gloves (worn)
 f - a +0 leather armour
 k - a +1 scale mail
 q - a +0 cloak (worn)
 E - a +1 leather armour of magic resistance (worn)
 I - a +0 pair of boots (worn)
Jewellery
 v - a ring of positive energy (left hand)
Wands
 b - a wand of polymorph (7/24)
 C - a wand of iceblast (4/15)
Scrolls
 g - 4 scrolls of teleportation
 m - a scroll of noise {unknown}
 p - a scroll of blinking
 r - 3 scrolls of identify
 s - a scroll of magic mapping {unknown}
 w - a scroll of amnesia {unknown}
 x - a scroll of enchant armour
 A - a scroll of remove curse
Potions
 d - 2 potions of invisibility
 e - 4 potions of curing
 i - a potion of flight {unknown}
 z - a potion of heal wounds
 B - a potion of ambrosia {unknown}
 D - a potion of berserk rage
 H - a potion of lignification {unknown}
Comestibles
 c - 3 meat rations
 n - 3 beef jerkies


   Skills:
 - Level 3.4 Fighting
 * Level 9.3 Short Blades
 - Level 3.8 Maces & Flails
 - Level 8.2 Slings
 - Level 0.2(4.6) Throwing
 - Level 1.7 Armour
 + Level 7.8 Dodging
 - Level 0.4 Stealth


You had 8 spell levels left.
You didn't know any spells.

Dungeon Overview and Level Annotations

Branches:
Dungeon (8/15)             Temple (1/1) D:7
   Lair: D:8-11

Altars:
Ashenzari
Cheibriados
Dithmenos
Elyvilon
Fedhas
Gozag
Kikubaaqudgha
Makhleb
Nemelex Xobeh
Okawaru
Pakellas
Qazlal
Ru
Sif Muna
Trog
Vehumet
Yredelemnul
Zin
The Shining One

Shops:
D:4 [   D:7 :


Innate Abilities, Weirdness & Mutations

You are small and have problems with some larger weapons.
You are carnivorous and can eat meat at any time.


Message History

The orc priest looks braver for a moment.
You puncture the orc!
You kill the orc!
Trog accepts your kill. The warg misses you.
You closely miss the warg. The warg bites you.
The warg bites you but does no damage.
The orc priest casts a cantrip, but nothing happens.
You hit the warg.
The warg is lightly wounded.
The warg bites you.
You hit the warg.
The warg is moderately wounded.
The warg bites you!
The orc priest calls down the wrath of Beogh upon you.
Beogh smites you!
* * * LOW HITPOINT WARNING * * *
The orc priest calls down the wrath of Beogh upon you.
Beogh smites you!
You die...

##... ... ..... ##.#
....######...#
#..#.......#
#..........#
###......#..#
..#####....###....##
..............<....##
#.............@.....##
.............)hh.....#
........######.........
......... #(.o......
###...... #o##.....#
.......#


.oo ####.? .$.....# ... .. .... ..(.o You could see 2 wargs, 3 orc priests and
an orc.

Vanquished Creatures
  Grinder (D:2)
  Eustachio (D:6)
  A warg (D:8)
  An orc warrior (D:6)
  2 phantoms (D:4)
  A necrophage (D:6)
  An ice beast (D:6)
  A centaur (D:5)
  An ogre (D:4)
  2 giant frogs (D:7)
  The ghost of Suckerboh the Sneak, an amateur SpEn (D:3)
  2 scorpions
  2 howler monkeys (D:5)
  A crimson imp (D:5)
  A hound (D:7)
  2 orc priests
  2 jellies (D:6)
  A giant frog skeleton (D:6)
  A gnoll shaman (D:7)
  3 orc wizards (D:4)
  An iron imp (D:5)
  2 iguanas
  4 worker ants
  9 gnolls
  8 adders
  2 shadow imps
  An ooze (D:3)
  A worm (D:3)
  4 dart slugs
  6 giant geckos
  18 orcs
  2 ball pythons
  A bat (D:3)
  A giant cockroach (D:2)
  3 hobgoblins
  4 jackals (D:2)
  4 quokkas
  3 giant newts
  2 goblins (D:1)
  3 goblin zombies (D:5)
  3 hobgoblin zombies (D:5)
  10 kobolds
  2 kobold skeletons (D:5)
  A kobold zombie (D:5)
  An orc skeleton (D:5)
  An orc zombie (D:5)
  A quokka zombie (D:6)
  5 rats
131 creatures vanquished.

Vanquished Creatures (others)
  The ghost of Cab the Jinx, a novice SpEn of Dithmenos (D:4)
1 creature vanquished.

Grand Total: 132 creatures vanquished

Notes
Turn   | Place    | Note
--------------------------------------------------------------
     0 | D:1      | Strategiusz the Kobold Berserker began the quest for the Orb.
     0 | D:1      | Reached XP level 1. HP: 14/14 MP: 1/1
   172 | D:1      | Reached XP level 2. HP: 18/19 MP: 2/2
   649 | D:1      | Reached XP level 3. HP: 18/23 MP: 3/3
   689 | D:1      | You fall through a shaft!
  1432 | D:2      | Reached skill level 5 in Short Blades
  1775 | D:3      | Found a shadowy altar of Dithmenos.
  1836 | D:3      | Reached XP level 4. HP: 17/28 MP: 4/4
  2196 | D:3      | Noticed Grinder
  2200 | D:3      | Paralysed by Grinder for 2 turns
  2328 | D:3      | Noticed Suckerboh's ghost (amateur SpEn)
  2379 | D:2      | Reached ** piety under Trog
  2592 | D:3      | Found a glowing silver altar of Zin.
  3230 | D:3      | Paralysed by Grinder for 3 turns
  3312 | D:3      | Paralysed by Grinder for 7 turns
  3597 | D:4      | Noticed Cab's ghost (novice SpEn)
  3603 | D:4      | Reached skill level 1 in Maces & Flails
  3603 | D:4      | Reached skill level 1 in Slings
  3603 | D:4      | Reached XP level 5. HP: 18/32 MP: 5/5
  3754 | D:4      | Found a radiant altar of Vehumet.
  4134 | D:4      | Killed Cab's ghost
  4353 | D:4      | Found Ilicw's Armour Shoppe.
  4433 | D:4      | Noticed a phantom
  4459 | D:4      | Noticed a phantom
  4466 | D:4      | Killed a phantom
  4466 | D:4      | Reached XP level 6. HP: 37/37 MP: 6/6
  4574 | D:4      | Killed a phantom
  4905 | D:3      | Killed Suckerboh's ghost
  4905 | D:3      | Reached skill level 5 in Slings
  4905 | D:3      | Reached XP level 7. HP: 23/41 MP: 7/7
  5069 | D:2      | Paralysed by Grinder for 3 turns
  5074 | D:2      | Paralysed by Grinder for 6 turns
  5090 | D:2      | Killed Grinder
  5090 | D:2      | Reached skill level 5 in Dodging
  5685 | D:4      | Reached XP level 8. HP: 46/46 MP: 8/8
  5880 | D:5      | Entered Level 5 of the Dungeon
  5900 | D:5      | Found a glowing golden altar of the Shining One.
  6680 | D:6      | Noticed Eustachio
  6696 | D:6      | Killed Eustachio
  7088 | D:6      | Reached skill level 6 in Short Blades
  7114 | D:6      | Reached *** piety under Trog
  7319 | D:6      | Reached XP level 9. HP: 50/50 MP: 9/9
  7705 | D:5      | Reached skill level 7 in Short Blades
  8058 | D:5      | HP: 1/50 [orc warrior/trident (10)]
  8311 | D:6      | Reached skill level 8 in Short Blades
  8455 | D:5      | Found a shattered altar of Ashenzari.
  8456 | D:5      | Found a burning altar of Makhleb.
  8523 | D:5      | Found an oddly glowing altar of Pakellas.
  9012 | D:7      | Reached skill level 9 in Short Blades
  9076 | D:7      | Found Entuinuez's Book Boutique.
  9165 | D:7      | Found an ancient bone altar of Kikubaaqudgha.
  9245 | D:7      | Found a staircase to the Ecumenical Temple.
  9255 | Temple   | Entered the Ecumenical Temple
  9765 | D:8      | HP: 2/51 [orc priest/divine providence (15)]
  9765 | D:8      | Killed from afar by an orc priest

Skill      XL: |  1  2  3  4  5  6  7  8  9 |
---------------+----------------------------+-----
Short Blades   | 5 6 9 |  9.3
Dodging        | 3 4 5 6 7 |  7.8
Maces & Flails | 1 2 3 |  3.8
Slings         | 1 3 5 6 8 |  8.2
Fighting       | |  3.4
Throwing       | |  0.2
Armour         | |  1.7
Stealth        | |  0.4

Action                   |  1- 3 |  4- 6 |  7- 9 || total
-------------------------+-------+-------+-------++-------
Melee: Short sword       |   112 |    26 |       ||   138
       Flail             |       |   124 |    92 ||   216
       War axe           |       |       |    28 ||    28
       Rapier            |       |       |   184 ||   184
 Fire: Hunting sling     |       |    86 |    76 ||   162
Throw: Stone             |    15 |       |       ||    15
       Tomahawk          |       |       |     6 ||     6
Invok: Berserk           |     2 |       |     3 ||     5
       Trog's Hand       |       |     2 |     6 ||     8
  Use: Scroll            |       |     7 |       ||     7
       Potion            |       |     6 |     1 ||     7
  Eat: Chunk             |     6 |    15 |    20 ||    41
Armor: Animal skin       |     3 |       |       ||     3
       Leather armour    |     4 |    10 |     1 ||    15
       Scale mail        |       |   119 |    91 ||   210
Dodge: Dodged            |    62 |   176 |   200 ||   438
